ITL
TUSCALOOSA TROUT SLAYERS @ AMARILLO ARCHDUKES
05/04/2026
 
TOP OF THE 1ST
Tuscaloosa Trout Slayers batting - Pitching for Amarillo Archdukes : RHP Sébastien Benoit
Pitching: RHP Sébastien Benoit
Batting: RHB Pat Fullerton 0-0: Called Strike
0-1: Ball
1-1: Bunt - Flyout! F1
Batting: LHB Ricardo Berroa 0-0: Ball
1-0: Called Strike
1-1: Ball
2-1: Ball
3-1: Base on Balls
Batting: LHB Albert Morgan 0-0: Ball
1-0: Fly out, F4 (Popup, 4D)
Batting: RHB Ryan McBride 0-0: Called Strike
0-1: Ball
1-1: Foul Ball, location: 2F
1-2: Ball
2-2: Ball
3-2: Foul Ball, location: 2F
3-2: Foul Ball, location: 2F
3-2: Foul Ball, location: 2F
3-2: Foul Ball, location: 2F
3-2: Base on Balls
Ricardo Berroa to second
Batting: RHB Satoru Daikawa 0-0: Swinging Strike
0-1: Called Strike
0-2: Foul Ball, location: 2F
0-2: Strikes out swinging
Top of the 1st over - 0 run(s), 0 hit(s), 0 error(s), 2 left on base; Tuscaloosa 0 - Amarillo 0
BOTTOM OF THE 1ST
Amarillo Archdukes batting - Pitching for Tuscaloosa Trout Slayers : RHP Rafael Ramírez
Pitching: RHP Rafael Ramírez
Batting: RHB Mitsuoki Taguchi 0-0: Foul Ball, location: 2F
0-1: Ball
1-1: SINGLE (Groundball, 4M)
Batting: LHB Howard Lambert 0-0: Ball
Mitsuoki Taguchi steals 2nd base
1-0: Ball
Mitsuoki Taguchi steals 3rd base
2-0: Foul Ball, location: 2F
2-1: Fly out, F9 (Flyball, 9S)
Batting: LHB Michael Cook 0-0: Ball
1-0: Called Strike
1-1: Fly out, F4 (Popup, 4M)
Batting: RHB Tim Chambers 0-0: DOUBLE (Line Drive, 7LM)
Mitsuoki Taguchi scores
Batting: LHB Chris Pryor 0-0: Swinging Strike
0-1: Foul Ball, location: 2F
0-2: Ball
1-2: Foul Ball, location: 2F
1-2: Foul Ball, location: 2F
1-2: Ball
2-2: Fly out, F9 (Flyball, 89M)
Bottom of the 1st over - 1 run(s), 2 hit(s), 0 error(s), 1 left on base; Tuscaloosa 0 - Amarillo 1
TOP OF THE 2ND
Tuscaloosa Trout Slayers batting - Pitching for Amarillo Archdukes : RHP Sébastien Benoit
Batting: SHB Jerry Kennedy 0-0: Ball
1-0: Ball
2-0: Fly out, F9 (Line Drive, 9S)
Batting: RHB Jason Saunders 0-0: Called Strike
0-1: Foul Ball, location: 2F
0-2: Ball
1-2: Strikes out swinging
Batting: LHB Ed Hart 0-0: Swinging Strike
0-1: Swinging Strike
0-2: Ball
1-2: Strikes out looking
Top of the 2nd over - 0 run(s), 0 hit(s), 0 error(s), 0 left on base; Tuscaloosa 0 - Amarillo 1
BOTTOM OF THE 2ND
Amarillo Archdukes batting - Pitching for Tuscaloosa Trout Slayers : RHP Rafael Ramírez
Batting: RHB José Tamayo 0-0: Ball
1-0: Foul Ball, location: 2F
1-1: Swinging Strike
1-2: Ball
2-2: Strikes out swinging
Batting: RHB Nobuharu Hoshino 0-0: Ball
1-0: Fly out, F2 (Popup, 2RF)
Batting: RHB Tony Quinn 0-0: Ball
1-0: Ball
2-0: Called Strike
Single, Error in OF, E8, batter to second base
Batting: RHB Mark Roy 0-0: Ball
1-0: Swinging Strike
1-1: DOUBLE (Line Drive, 5D)
Tony Quinn scores
Batting: RHB Mitsuoki Taguchi 0-0: Called Strike
0-1: Ball
1-1: Called Strike
1-2: Ball
2-2: Ball
Wild Pitch!
Mark Roy to third
3-2: SINGLE (Line Drive, 9S)
Mark Roy scores
Batting: LHB Howard Lambert 0-0: Swinging Strike
0-1: Swinging Strike
0-2: Strikes out swinging
Bottom of the 2nd over - 2 run(s), 3 hit(s), 1 error(s), 1 left on base; Tuscaloosa 0 - Amarillo 3
TOP OF THE 3RD
Tuscaloosa Trout Slayers batting - Pitching for Amarillo Archdukes : RHP Sébastien Benoit
Batting: RHB Shigemasa Ishida 0-0: Foul Ball, location: 2F
0-1: Foul Ball, location: 2F
0-2: Ball
1-2: Strikes out swinging
Batting: RHB Pat Fullerton 0-0: Ball
1-0: Ground out 6-3 (Groundball, 6M)
Batting: LHB Ricardo Berroa 0-0: Swinging Strike
0-1: Ground out U3 (Groundball, 3S)
Top of the 3rd over - 0 run(s), 0 hit(s), 0 error(s), 0 left on base; Tuscaloosa 0 - Amarillo 3
BOTTOM OF THE 3RD
Amarillo Archdukes batting - Pitching for Tuscaloosa Trout Slayers : RHP Rafael Ramírez
Batting: LHB Michael Cook 0-0: Ball
1-0: Called Strike
1-1: Ball
2-1: Ball
3-1: DOUBLE (Line Drive, 9LS)
Batting: RHB Tim Chambers 0-0: Ball
1-0: Ground out 4-3 (Groundball, 4)
Michael Cook to third
Batting: LHB Chris Pryor 0-0: Ball
1-0: Fly out, F7 (Flyball, 78S)
Batting: RHB José Tamayo 0-0: Foul Ball, location: 2F
0-1: Ball
1-1: Called Strike
1-2: Ball
2-2: Strikes out swinging
Bottom of the 3rd over - 0 run(s), 1 hit(s), 0 error(s), 1 left on base; Tuscaloosa 0 - Amarillo 3
TOP OF THE 4TH
Tuscaloosa Trout Slayers batting - Pitching for Amarillo Archdukes : RHP Sébastien Benoit
Batting: LHB Albert Morgan 0-0: Called Strike
0-1: Ground out 4-3 (Groundball, 4)
Batting: RHB Ryan McBride 0-0: Ball
1-0: Ball
2-0: Swinging Strike
2-1: Foul Ball, location: 2F
2-2: Ball
3-2: Foul Ball, location: 2F
3-2: Strikes out swinging
Batting: RHB Satoru Daikawa 0-0: Called Strike
0-1: Hit by Pitch
Batting: SHB Jerry Kennedy 0-0: Foul Ball, location: 2F
0-1: Ball
1-1: Ball
2-1: Ball
3-1: Base on Balls
Satoru Daikawa to second
Batting: RHB Jason Saunders 0-0: Ball
1-0: Called Strike
1-1: Ball
2-1: Called Strike
2-2: Strikes out swinging
Top of the 4th over - 0 run(s), 0 hit(s), 0 error(s), 2 left on base; Tuscaloosa 0 - Amarillo 3
BOTTOM OF THE 4TH
Amarillo Archdukes batting - Pitching for Tuscaloosa Trout Slayers : RHP Rafael Ramírez
Batting: RHB Nobuharu Hoshino 0-0: Swinging Strike
0-1: Called Strike
0-2: Ball
1-2: Ball
2-2: Ball
3-2: Strikes out swinging
Batting: RHB Tony Quinn 0-0: Called Strike
0-1: Ball
1-1: Called Strike
1-2: Foul Ball, location: 2F
1-2: Foul Ball, location: 2F
1-2: Foul Ball, location: 2F
1-2: Ground out 5-3 (Groundball, 56)
Batting: RHB Mark Roy 0-0: Ball
1-0: Ball
2-0: Foul Ball, location: 2F
2-1: Fly out, F8 (Flyball, 8RM)
Bottom of the 4th over - 0 run(s), 0 hit(s), 0 error(s), 0 left on base; Tuscaloosa 0 - Amarillo 3
TOP OF THE 5TH
Tuscaloosa Trout Slayers batting - Pitching for Amarillo Archdukes : RHP Sébastien Benoit
Batting: LHB Ed Hart 0-0: Called Strike
0-1: Called Strike
0-2: Foul Ball, location: 2F
0-2: Strikes out looking
Batting: RHB Shigemasa Ishida 0-0: Called Strike
0-1: TRIPLE (Line Drive, 78M)
Batting: RHB Pat Fullerton 0-0: Swinging Strike
0-1: Swinging Strike
0-2: Ball
Passed Ball!
Shigemasa Ishida scores
1-2: Ball
2-2: Ball
3-2: Base on Balls
Batting: LHB Ricardo Berroa 0-0: Ball
1-0: SINGLE (Groundball, 56)
Pat Fullerton to second
Batting: LHB Albert Morgan 0-0: Ball
1-0: Ball
2-0: Called Strike
2-1: Ball
3-1: Foul Ball, location: 2F
3-2: Base on Balls
Pat Fullerton to third
Ricardo Berroa to second
Batting: RHB Ryan McBride 0-0: Called Strike
0-1: Ball
1-1: Swinging Strike
1-2: Ball
2-2: Ball
3-2: GRAND SLAM HOME RUN (Flyball, 8RD), Distance : 387 ft
Batting: RHB Satoru Daikawa 0-0: Ball
1-0: Ground out 4-3 (Groundball, 4)
Batting: SHB Jerry Kennedy 0-0: Ball
1-0: Foul Ball, location: 2F
1-1: Ball
2-1: SINGLE (Flyball, 8RS)
Pitching: RHP Larry Pérez
Batting: RHB Jason Saunders 0-0: Ball
1-0: Called Strike
1-1: Called Strike
1-2: Fly out, F2 (Popup, 23F)
Top of the 5th over - 5 run(s), 4 hit(s), 0 error(s), 1 left on base; Tuscaloosa 5 - Amarillo 3
BOTTOM OF THE 5TH
Amarillo Archdukes batting - Pitching for Tuscaloosa Trout Slayers : RHP Rafael Ramírez
Batting: RHB Mitsuoki Taguchi 0-0: Ball
1-0: Foul Ball, location: 2F
1-1: Swinging Strike
1-2: Foul Ball, location: 2F
1-2: Ball
2-2: DOUBLE (Flyball, 9LS)
Batting: LHB Howard Lambert 0-0: Called Strike
0-1: Ball
1-1: Ground out 1-3 (Groundball, 25)
Batting: LHB Michael Cook 0-0: Called Strike
0-1: Ball
1-1: Foul Ball, location: 2F
1-2: Ball
2-2: Ball
3-2: Foul Ball, location: 2F
3-2: 2-RUN HOME RUN (Flyball, 8LXD), Distance : 389 ft
Batting: RHB Tim Chambers 0-0: Ball
1-0: Ball
2-0: Called Strike
2-1: Swinging Strike
2-2: Foul Ball, location: 2F
2-2: SOLO HOME RUN (Flyball, 78XD), Distance : 377 ft
Batting: LHB Chris Pryor 0-0: Swinging Strike
0-1: Ball
1-1: Ball
2-1: Foul Ball, location: 2F
2-2: Fly out, F8 (Flyball, 8LD)
Batting: RHB José Tamayo 0-0: Ball
1-0: Called Strike
1-1: Ground out 5-3 (Groundball, 56S)
Bottom of the 5th over - 3 run(s), 3 hit(s), 0 error(s), 0 left on base; Tuscaloosa 5 - Amarillo 6
TOP OF THE 6TH
Tuscaloosa Trout Slayers batting - Pitching for Amarillo Archdukes : RHP Larry Pérez
Batting: LHB Ed Hart 0-0: DOUBLE (Line Drive, 7LD)
Batting: RHB Shigemasa Ishida 0-0: SINGLE (Groundball, 6MD)
Ed Hart to third
Runner from 3rd tries for Home, SAFE, throw made home
Batting: RHB Pat Fullerton 0-0: Ball
1-0: Fielders Choice at 2nd, U6 (Groundball, 6M)
Batting: LHB Ricardo Berroa 0-0: Reached on error, E1 (Groundball, 13S)
Pat Fullerton to second
Batting: LHB Albert Morgan 0-0: Swinging Strike
0-1: SINGLE (Groundball, 34D)
Pat Fullerton to third
Ricardo Berroa to second
Runner from 3rd tries for Home, throw and OUT!
Ricardo Berroa to third
Albert Morgan to second
Batting: RHB Ryan McBride 0-0: Ball
1-0: Foul Ball, location: 2F
1-1: Ball
2-1: Foul Ball, location: 2F
2-2: 3-RUN HOME RUN (Flyball, 7LD), Distance : 325 ft
Batting: RHB Satoru Daikawa 0-0: Called Strike
0-1: Ball
1-1: Called Strike
1-2: DOUBLE (Flyball, 89D)
Pitching: RHP Dalton Ray
Batting: SHB Jerry Kennedy 0-0: Called Strike
0-1: Called Strike
0-2: Ball
1-2: Strikes out swinging
Top of the 6th over - 4 run(s), 5 hit(s), 1 error(s), 1 left on base; Tuscaloosa 9 - Amarillo 6
BOTTOM OF THE 6TH
Amarillo Archdukes batting - Pitching for Tuscaloosa Trout Slayers : RHP Rafael Ramírez
Pitching: RHP Alfonso Martínez
Batting: RHB Nobuharu Hoshino 0-0: Ball
1-0: Foul Ball, location: 2F
1-1: Foul Ball, location: 2F
1-2: SOLO HOME RUN (Flyball, 7LD), Distance : 318 ft
Batting: RHB Tony Quinn 0-0: Foul Ball, location: 2F
0-1: Called Strike
0-2: Ball
1-2: Ball
2-2: Reached on error, E6 (Groundball, 6)
Batting: RHB Mark Roy 0-0: Grounds out, U3 (Groundball, 3L)
Batting: RHB Mitsuoki Taguchi 0-0: Fly out, F9 (Flyball, 89D)
Runner from 2nd tags up, SAFE at 3rd, no throw
Batting: LHB Howard Lambert 0-0: Swinging Strike
0-1: Ball
1-1: Called Strike
1-2: SINGLE (Flyball, 6MD)
Tony Quinn scores
Batting: LHB Michael Cook 0-0: Called Strike
0-1: Ball
1-1: Foul Ball, location: 2F
1-2: Foul Ball, location: 2F
1-2: Ground out 4-3 (Groundball, 34)
Bottom of the 6th over - 2 run(s), 2 hit(s), 1 error(s), 1 left on base; Tuscaloosa 9 - Amarillo 8
TOP OF THE 7TH
Tuscaloosa Trout Slayers batting - Pitching for Amarillo Archdukes : RHP Dalton Ray
Batting: RHB Jason Saunders 0-0: Called Strike
0-1: Called Strike
0-2: Foul Ball, location: 2F
0-2: Strikes out looking
Batting: LHB Ed Hart 0-0: Ball
1-0: Fly out, F7 (Flyball, 7M)
Batting: RHB Shigemasa Ishida 0-0: DOUBLE (Line Drive, 78XD)
Pinch Hitting: LHB Damon Mitchell 0-0: Ball
1-0: Foul Ball, location: 2F
1-1: Called Strike
1-2: Foul Ball, location: 2F
1-2: Ball
2-2: Ball
3-2: SINGLE (Groundball, 34D)
Shigemasa Ishida to third
Shigemasa Ishida scores
Batting: LHB Ricardo Berroa 0-0: Ball
1-0: Ball
2-0: Called Strike
2-1: Swinging Strike
2-2: Strikes out swinging
Top of the 7th over - 1 run(s), 2 hit(s), 0 error(s), 1 left on base; Tuscaloosa 10 - Amarillo 8
BOTTOM OF THE 7TH
Amarillo Archdukes batting - Pitching for Tuscaloosa Trout Slayers : RHP Alfonso Martínez
Now in CF: Lowie van den Bogaert
Batting: RHB Tim Chambers 0-0: DOUBLE (Line Drive, 7D)
Batting: LHB Chris Pryor 0-0: Swinging Strike
0-1: Ball
1-1: Swinging Strike
1-2: Ball
2-2: SINGLE (Flyball, 8LS)
Tim Chambers to third
Runner from 3rd tries for Home, SAFE, no throw or cutoff
Pinch Hitting: LHB Héctor Martínez 0-0: Bunted foul
0-1: Sac Bunt - play at first, batter OUT! 1-4
Chris Pryor to second
Batting: RHB Nobuharu Hoshino 0-0: Ball
1-0: Fly out, F8 (Flyball, 8RD)
Runner from 2nd tags up, SAFE at 3rd, no throw
Batting: RHB Tony Quinn 0-0: Called Strike
0-1: Foul Ball, location: 2F
0-2: Ball
1-2: Ball
2-2: Foul Ball, location: 2F
2-2: SINGLE (Line Drive, 3D)
Chris Pryor scores
Pitching: RHP Jesús Ramos
Pinch Hitting: RHB Jorge Espinosa 0-0: Ball
1-0: Fly out, F9 (Popup, 4D)
Bottom of the 7th over - 2 run(s), 3 hit(s), 0 error(s), 1 left on base; Tuscaloosa 10 - Amarillo 10
TOP OF THE 8TH
Tuscaloosa Trout Slayers batting - Pitching for Amarillo Archdukes : RHP Dalton Ray
Now at 1B: Héctor Martínez
Now at 3B: Gil Watcham
Batting: LHB Albert Morgan 0-0: Called Strike
0-1: Foul Ball, location: 2F
0-2: SINGLE (Groundball, 34D)
Pinch Hitting: LHB Miguel Rosa 0-0: Ball
1-0: Ball
2-0: Grounds into double play, 4-6-3 (Groundball, 4)
Batting: RHB Satoru Daikawa 0-0: Ball
1-0: Ball
2-0: Ball
3-0: Swinging Strike
3-1: Called Strike
3-2: Strikes out swinging
Top of the 8th over - 0 run(s), 1 hit(s), 0 error(s), 0 left on base; Tuscaloosa 10 - Amarillo 10
BOTTOM OF THE 8TH
Amarillo Archdukes batting - Pitching for Tuscaloosa Trout Slayers : RHP Jesús Ramos
Now at 1B: Alberto Pérez
Batting: RHB Mitsuoki Taguchi 0-0: SINGLE (Groundball, 6MD)
Batting: LHB Howard Lambert 0-0: Sac Bunt - play at first, batter OUT! 1-4
Mitsuoki Taguchi to second
Batting: LHB Michael Cook 0-0: Intentional Walk
Batting: RHB Tim Chambers 0-0: Called Strike
Mitsuoki Taguchi steals 3rd base
Michael Cook to second
0-1: Foul Ball, location: 2F
0-2: Ball
1-2: Fly out, F7 (Line Drive, 7M)
Runner from 3rd tags up, SCORES, no throw
Batting: LHB Chris Pryor 0-0: Ground out 4-3 (Groundball, 4)
Bottom of the 8th over - 1 run(s), 1 hit(s), 0 error(s), 1 left on base; Tuscaloosa 10 - Amarillo 11
TOP OF THE 9TH
Tuscaloosa Trout Slayers batting - Pitching for Amarillo Archdukes : RHP Dalton Ray
Pitching: RHP Nick Parks
Now in RF: Jorge Martínez
Batting: SHB Jerry Kennedy 0-0: Ball
1-0: Called Strike
1-1: Ball
2-1: Called Strike
2-2: Strikes out looking
Pinch Hitting: LHB Sergio Barrón 0-0: Ball
1-0: Foul Ball, location: 2F
1-1: Fly out, F7 (Flyball, 7S)
Batting: LHB Ed Hart 0-0: Ground out 6-3 (Groundball, 6M)
Top of the 9th over - 0 run(s), 0 hit(s), 0 error(s), 0 left on base; Tuscaloosa 10 - Amarillo 11
Monday, December 5th, 2016 - OOTP Baseball 17.12 Build 75